[Event "Titled Tuesday Blitz April 26 Early 2022"]
[White "Mortazavi, Ali"]
[Black "Maghsoodloo, Parham"]
[WhiteFideId "401323"]
[BlackFideId "12539929"]
[WhiteElo "2339"]
[BlackElo "2630"]
[Result "0-1"]
[Round "01"]
[TimeControl "180+1"]
[Date "2022.04.26"]
[WhiteClock "0:00:01"]
[BlackClock "0:00:03"]

1. Nf3 d5 2. g3 Nd7 3. Bg2 e5 4. d3 Ngf6 5. O-O Bc5 6. d4 exd4 7. Nxd4 O-O 8. b3 a5 9. a3 Re8 10. Bb2 Ne5 11. h3 h5 12. Nd2 Ng6 13. e3 Bd7 14. c4 Qc8 15. cxd5 Bxh3 16. Rc1 Bb6 17. Nc4 Ra6 18. Nd6 Qd7 19. Nxe8 Nxe8 20. Qxh5 Bxg2 21. Kxg2 Nf6 22. Qf5 Qd8 23. e4 Ne7 24. Qf3 Qd7 25. Rh1 c6 26. e5 Nfxd5 27. Qh5 Kf8 28. Rcd1 Bxd4 29. Bxd4 b6 30. e6 fxe6 31. Bxg7+ Kxg7 32. Qh8+ Kg6 33. Rh6+ Kf5 34. Re1 Ng6 35. Qg8 Ndf4+ 36. gxf4 Nxf4+ 37. Kg1 Ra7 38. Rh4 Qg7+ 39. Qxg7 Rxg7+ 40. Kf1 Rd7 41. Rh8 e5 42. Rf8+ Kg4 43. Rg8+ Kf5 44. Rg3 Rd5 45. Rc3 c5 46. Rb1 b5 47. Rbc1 b4 48. Rxc5 Rd2 49. Rxa5 Nd3 50. Rc8 bxa3 51. Rxa3 Rxf2+ 52. Kg1 Rd2 53. Rd8 Ke4 54. Ra4+ Ke3 55. Rf8 e4 56. Rf1 Rb2 0-1


[Site "https://www.chess.com"]

[Event "Titled Tuesday Blitz April 26 Early 2022"]
[White "Murthy, Pappu"]
[Black "Gunduz, Umut Erdem"]
[WhiteFideId "2013401"]
[BlackFideId "6381383"]
[WhiteElo "1977"]
[BlackElo "2099"]
[Result "0-1"]
[Round "01"]
[TimeControl "180+1"]
[Date "2022.04.26"]
[WhiteClock "0:00:03"]
[BlackClock "0:01:00"]

1. c4 c5 2. Nc3 Nc6 3. g3 g6 4. Bg2 Bg7 5. e4 Nd4 6. Nge2 d6 7. h3 e6 8. d3 Ne7 9. Be3 Nec6 10. Qd2 O-O 11. O-O f5 12. exf5 Rxf5 13. f4 Bd7 14. Ne4 Nxe2+ 15. Qxe2 Nd4 16. Qd2 Bc6 17. Kh2 Qe7 18. g4 Rff8 19. Rae1 d5 20. cxd5 exd5 21. Nc3 Qd7 22. Qf2 Rae8 23. Ne2 Nc2 24. Bxc5 Nxe1 25. Bxf8 Nxd3 26. Qg3 Rxe2 27. Qxd3 Rxg2+ 28. Kxg2 Bxf8 29. Kh2 Bb5 30. Qf3 Bxf1 31. Qxf1 d4 32. Qd3 Bg7 33. Kg3 Qe6 0-1


[Site "https://www.chess.com"]

[Event "Titled Tuesday Blitz April 26 Early 2022"]
[White "Nakamura, Hikaru"]
[Black "Di Nicolantonio, Lucas"]
[WhiteFideId "2016192"]
[BlackFideId "680460"]
[WhiteElo "2850"]
[BlackElo "2381"]
[Result "1-0"]
[Round "01"]
[TimeControl "180+1"]
[Date "2022.04.26"]
[WhiteClock "0:00:18"]
[BlackClock "0:00:12"]

1. Nf3 d5 2. b3 Nf6 3. Bb2 e6 4. e3 Be7 5. c4 O-O 6. d4 c5 7. dxc5 Bxc5 8. Nbd2 Nc6 9. a3 a5 10. cxd5 exd5 11. Bb5 Bg4 12. h3 Bh5 13. O-O Ne4 14. Nxe4 dxe4 15. Qxd8 Rfxd8 16. Bxc6 bxc6 17. Ne5 Rdb8 18. Rfc1 Rxb3 19. Rxc5 Rxb2 20. Nxc6 Be2 21. Rxa5 Rxa5 22. Nxa5 g6 23. Nc6 Bb5 24. Nd4 Ba4 25. g4 h6 26. Kg2 Kg7 27. Kg3 Kf6 28. h4 Ke5 29. g5 hxg5 30. hxg5 f6 31. Rc1 fxg5 32. Rc4 Bd1 33. Rc6 Ra2 34. Rxg6 g4 35. Rg5+ Kf6 36. Ra5 Kg6 37. Ra8 Kf6 38. Ra6+ Ke5 39. Nb5 Ra1 40. Ra5 Kf6 41. Nc3 Bf3 42. Nd5+ Kg7 43. Ra7+ Kh6 44. Ne7 Rg1+ 45. Kf4 Rf1 46. Nf5+ Kg6 47. Nh4+ Kf6 48. Ra6+ Ke7 49. Nxf3 exf3 50. Kxg4 Rxf2 51. Kf4 Rf1 52. a4 f2 53. Kf3 Kd7 54. Ke2 Ra1 55. Kxf2 Ke7 56. a5 Kd7 57. Ra8 Kc7 58. a6 Kb6 59. Kf3 1-0


[Site "https://www.chess.com"]

[Event "Titled Tuesday Blitz April 26 Early 2022"]
[White "Nazari, Arad"]
[Black "Jaskolka, Tomasz"]
[WhiteFideId "12577324"]
[BlackFideId "1170791"]
[WhiteElo "2129"]
[BlackElo "2073"]
[Result "1/2-1/2"]
[Round "01"]
[TimeControl "180+1"]
[Date "2022.04.26"]
[WhiteClock "0:00:07"]
[BlackClock "0:00:11"]

1. e4 c5 2. Nf3 e6 3. d3 Nc6 4. g3 Nf6 5. Bg2 d6 6. O-O Be7 7. Nbd2 O-O 8. b3 Re8 9. Bb2 Bf8 10. Re1 e5 11. Nc4 Be6 12. Ne3 g6 13. a4 Bg7 14. Ng5 Bd7 15. h4 h6 16. Nf3 Be6 17. Nh2 Kh7 18. Bc1 Nd4 19. Nc4 h5 20. Rb1 a6 21. c3 Nc6 22. Ne3 b5 23. b4 cxb4 24. cxb4 Nd4 25. Nf3 Nxf3+ 26. Bxf3 Qd7 27. a5 Rec8 28. Bb2 Ng4 29. Bxg4 Bxg4 30. Nxg4 Qxg4 31. Qxg4 hxg4 32. Rbc1 Bh6 33. Rxc8 Rxc8 34. Re2 Bc1 35. Kf1 Bxb2 36. Rxb2 Kg7 37. Ke2 f5 38. exf5 gxf5 39. Kd2 d5 40. Rb1 Kf6 41. Rh1 f4 42. h5 Rh8 43. h6 Kg6 44. Re1 Re8 45. Rc1 Re6 46. Rc5 Rd6 47. d4 fxg3 48. dxe5 g2 49. Rc1 Re6 50. Rg1 Rxe5 51. Rxg2 Re4 52. f3 Rxb4 53. fxg4 Kxh6 54. Kc3 Rc4+ 55. Kd3 Kg5 56. Re2 Kxg4 57. Re6 Ra4 58. Rxa6 Kf5 59. Ra8 Ke6 60. a6 Kd6 61. a7 Kc7 62. Kc3 Kb7 63. Rd8 Kxa7 64. Rxd5 Kb6 65. Kb3 Rh4 66. Rd8 Kc5 67. Rc8+ Kb6 68. Rb8+ Kc6 69. Rc8+ Kd5 70. Rd8+ Kc6 71. Rc8+ Kb7 72. Rg8 Rf4 73. Rg7+ Kb6 74. Rg8 Rf3+ 75. Kb4 Rf4+ 76. Kb3 Rf3+ 77. Kb4 Rf4+ 78. Kb3 1/2-1/2


[Site "https://www.chess.com"]

[Event "Titled Tuesday Blitz April 26 Early 2022"]
[White "Nguyen, Hong Anh"]
[Black "Okike, David"]
[WhiteFideId "12406732"]
[BlackFideId "8500134"]
[WhiteElo "2016"]
[BlackElo "2232"]
[Result "1/2-1/2"]
[Round "01"]
[TimeControl "180+1"]
[Date "2022.04.26"]
[WhiteClock "0:00:29"]
[BlackClock "0:00:11"]

1. d4 Nf6 2. Nf3 e6 3. g3 b5 4. Bg2 Bb7 5. O-O c5 6. a4 b4 7. dxc5 Bxc5 8. a5 d5 9. c3 O-O 10. cxb4 Bxb4 11. Bd2 Qe7 12. Qa4 Bxd2 13. Nbxd2 Ba6 14. Rfe1 Nbd7 15. Qc6 Nc5 16. Rac1 Rfc8 17. Rxc5 Rxc6 18. Rxc6 Bb5 19. Rc2 Qb4 20. Rec1 h6 21. Ne5 g5 22. e3 Qxa5 23. Nb3 Qb4 24. Nd4 Be8 25. h3 a5 26. b3 a4 27. bxa4 Qxa4 28. Kh2 Qb4 29. Nd3 Qb8 30. Nc5 Qd6 31. Nb7 Qb8 32. Nc5 Qb6 33. Nd3 h5 34. Ne5 h4 35. gxh4 Qb8 36. f4 gxf4 37. exf4 Nh5 38. Rf1 Nxf4 39. Rxf4 Qxe5 40. Rf2 Ra4 41. Ne2 Rxf4 42. Nxf4 d4 43. Kg1 Qe3 44. Bf1 e5 45. Nd5 Qh6 46. Nf6+ Kf8 47. Ng4 Qd6 48. Bd3 Bc6 49. Nf6 Ke7 50. Ng8+ Kf8 51. Nf6 e4 52. Bc4 e3 53. Nh7+ Kg8 54. Rxf7 Qg3+ 55. Kf1 Bg2+ 56. Ke2 Kh8 57. Ng5 Qxh4 58. Rh7+ Qxh7 59. Nxh7 Kxh7 60. Kd3 Bf1+ 61. Kxd4 Bxc4 62. Kxe3 Be6 63. Kf4 Bxh3 1/2-1/2


[Site "https://www.chess.com"]

[Event "Titled Tuesday Blitz April 26 Early 2022"]
[White "O`Gorman, Tom"]
[Black "Sovetbekova, Nurai"]
[WhiteFideId "2508249"]
[BlackFideId "13801910"]
[WhiteElo "2247"]
[BlackElo "1538"]
[Result "1-0"]
[Round "01"]
[TimeControl "180+1"]
[Date "2022.04.26"]
[WhiteClock "0:00:21"]
[BlackClock "0:00:02"]

1. e4 c5 2. Nf3 d6 3. c3 Nf6 4. Be2 Bd7 5. d3 g6 6. O-O Bg7 7. Nbd2 O-O 8. Re1 Nc6 9. Nf1 Qc7 10. Qd2 d5 11. Ng3 dxe4 12. dxe4 Rad8 13. Qg5 Ng4 14. h3 Nge5 15. Nxe5 Qxe5 16. Qxe5 Nxe5 17. f4 Nc6 18. Be3 b6 19. Rad1 Bc8 20. Bb5 Bb7 21. Rd5 e6 22. Rdd1 Bf6 23. e5 Bh4 24. Bf2 Ne7 25. Bd3 Nd5 26. Be4 Ba8 27. Ne2 Bxf2+ 28. Kxf2 Nxf4 29. Rxd8 Nxh3+ 30. gxh3 Rxd8 31. Bxa8 Rxa8 32. Ng3 Rd8 33. Ne4 Kg7 34. Ke3 Rd5 35. Kf4 Rd3 36. Re3 Rd1 37. Nf6 Rf1+ 38. Ke4 h5 39. Rd3 Re1+ 40. Kf4 Rf1+ 41. Kg3 Rg1+ 42. Kf2 Rh1 43. Kg2 Re1 44. Nd7 Re2+ 45. Kf3 Rxb2 46. Nf6 Rxa2 47. Rd8 Ra1 48. h4 g5 49. Rg8+ Kh6 50. hxg5# 1-0


[Site "https://www.chess.com"]

[Event "Titled Tuesday Blitz April 26 Early 2022"]
[White "Oganian, Miran"]
[Black "Atanejhad, Sahebali"]
[WhiteFideId "4122488"]
[BlackFideId "12506664"]
[WhiteElo "2357"]
[BlackElo "1953"]
[Result "1-0"]
[Round "01"]
[TimeControl "180+1"]
[Date "2022.04.26"]
[WhiteClock "0:01:32"]
[BlackClock "0:00:42"]

1. e4 c5 2. Nf3 g6 3. d4 cxd4 4. Qxd4 Nf6 5. e5 Nc6 6. Qa4 Nd5 7. Qe4 Ndb4 8. a3 d5 9. Qe2 Na6 10. b4 Nc7 11. g3 Bg7 12. Bg2 O-O 13. O-O Bg4 14. Bb2 Ne6 15. Rd1 d4 16. h3 Bxf3 17. Bxf3 Nxe5 18. Bxb7 Rb8 19. Bg2 Qc7 20. Bd5 Qd7 21. Bxe6 Qxe6 22. Bxd4 Rbd8 23. Nc3 Rxd4 24. Rxd4 Nf3+ 25. Qxf3 Bxd4 26. Rd1 Bxc3 27. Qxc3 Qxh3 28. Qe5 e6 29. c4 Qg4 30. Rd4 Qf3 31. Qe3 Qf5 32. c5 Qb1+ 33. Kg2 Qb2 34. Rc4 Rc8 35. c6 Qa2 36. Qd3 Qa1 37. Qd7 Rf8 38. c7 1-0


[Site "https://www.chess.com"]

[Event "Titled Tuesday Blitz April 26 Early 2022"]
[White "Omariev, Maksim"]
[Black "Le, Tuan Minh"]
[WhiteFideId "4193423"]
[BlackFideId "12401153"]
[WhiteElo "2503"]
[BlackElo "2450"]
[Result "0-1"]
[Round "01"]
[TimeControl "180+1"]
[Date "2022.04.26"]
[WhiteClock "0:00:04"]
[BlackClock "0:00:09"]

1. g4 d5 2. Bg2 c6 3. h3 e5 4. d4 e4 5. c4 Ne7 6. Nc3 Ng6 7. Qb3 Nh4 8. Bf1 dxc4 9. Qxc4 Be6 10. Qa4 Na6 11. Bf4 Nb4 12. a3 Nd5 13. Bg3 e3 14. Ne4 Be7 15. O-O-O O-O 16. Nc5 exf2 17. Bxf2 Bg5+ 18. Kb1 Nb6 19. Qc2 Qd5 20. Nxe6 fxe6 21. e4 Qa5 22. Bd3 Rad8 23. e5 h6 24. Be4 Qa4 25. Bxh4 Bxh4 26. Nf3 Qxc2+ 27. Kxc2 Be7 28. Rhf1 Nc4 29. Rde1 Rf4 30. Bd3 Nb6 31. Kc3 Rdf8 32. Nd2 Nd5+ 33. Kc4 b5+ 34. Kb3 Rxd4 35. Rxf8+ Bxf8 36. Kc2 a5 37. Be4 a4 38. Nf3 Rc4+ 39. Kd2 b4 40. Bd3 Rf4 41. axb4 Bxb4+ 42. Ke2 Rxf3 43. Rc1 Re3+ 0-1


[Site "https://www.chess.com"]

[Event "Titled Tuesday Blitz April 26 Early 2022"]
[White "Onslow, Alfie"]
[Black "Seemann, Jakub"]
[WhiteFideId "436976"]
[BlackFideId "21874697"]
[WhiteElo "1884"]
[BlackElo "2003"]
[Result "0-1"]
[Round "01"]
[TimeControl "180+1"]
[Date "2022.04.26"]
[WhiteClock "0:00:02"]
[BlackClock "0:00:38"]

1. e4 e5 2. Bc4 Nf6 3. d3 c6 4. Nf3 d5 5. Bb3 Bd6 6. exd5 cxd5 7. Bg5 Be6 8. Nc3 Bc7 9. O-O Nc6 10. Re1 h6 11. Bxf6 gxf6 12. Nb5 Bb6 13. c4 a6 14. Nc3 dxc4 15. dxc4 Nd4 16. Nxd4 Bxd4 17. Qc2 Qb6 18. Ba4+ Ke7 19. Ne4 Rac8 20. Bb3 f5 21. Ng3 f4 22. Ne4 f5 23. Nc3 Rhd8 24. Qe2 Kf6 25. Qh5 Kg7 26. Rad1 Bxf2+ 27. Kh1 Bxe1 28. Rxe1 Qd4 29. Nd5 Bxd5 30. cxd5 Rf8 31. h3 Qd2 32. Rd1 Rc1 33. Rxc1 Qxc1+ 34. Kh2 Qe3 35. d6 Qg3+ 36. Kh1 e4 37. d7 f3 38. d8=Q Qxg2# 0-1


[Site "https://www.chess.com"]

[Event "Titled Tuesday Blitz April 26 Early 2022"]
[White "Oparin, Grigoriy"]
[Black "Iljin, Timofey"]
[WhiteFideId "24125890"]
[BlackFideId "14110180"]
[WhiteElo "2665"]
[BlackElo "2396"]
[Result "1/2-1/2"]
[Round "01"]
[TimeControl "180+1"]
[Date "2022.04.26"]
[WhiteClock "0:00:05"]
[BlackClock "0:00:13"]

1. e4 d5 2. exd5 Nf6 3. Nc3 Nxd5 4. Nf3 Bg4 5. h3 Bh5 6. d3 e6 7. g4 Bg6 8. Bg2 Nd7 9. Nxd5 exd5 10. Be3 Bd6 11. Qd2 O-O 12. O-O-O Re8 13. h4 h5 14. Ng5 Nf6 15. gxh5 Bxh5 16. Rdg1 c5 17. Kb1 d4 18. Bf4 Re2 19. Qc1 Rxf2 20. Nh3 Bxf4 21. Nxf4 Qd6 22. Nxh5 Nxh5 23. Bxb7 Rb8 24. Rg2 Rxg2 25. Bxg2 Nf4 26. Bf3 Nd5 27. Bxd5 Qxd5 28. Re1 c4 29. dxc4 Qxc4 30. Qd2 Qb5 31. b3 Qc5 32. Re4 Rd8 33. a4 a5 34. Qd3 Qb6 35. h5 Qc5 36. Qb5 Qxb5 37. axb5 d3 38. cxd3 Rxd3 39. b4 Rd5 40. b6 Rb5 41. Kc2 axb4 42. Re8+ Kh7 43. Rb8 b3+ 44. Kb2 Rxh5 45. Kxb3 Rb5+ 46. Kc4 Rb1 47. Kc5 g5 48. Rd8 Kg6 49. Rd6+ Kf5 50. Kc6 g4 51. Rd5+ Kf4 52. Rb5 Rc1+ 53. Kd7 Rd1+ 54. Ke7 Re1+ 55. Kxf7 Rd1 56. b7 Rd8 57. b8=Q+ Rxb8 58. Rxb8 g3 59. Ke6 g2 60. Rg8 Kf3 61. Ke5 Kf2 62. Ke4 g1=Q 63. Rxg1 Kxg1 1/2-1/2


[Site "https://www.chess.com"]

[Event "Titled Tuesday Blitz April 26 Early 2022"]
[White "Ovezdurdyyeva, Jemal"]
[Black "Zivkovic, Nemanja"]
[WhiteFideId "14001888"]
[BlackFideId "942154"]
[WhiteElo "1946"]
[BlackElo "2364"]
[Result "1-0"]
[Round "01"]
[TimeControl "180+1"]
[Date "2022.04.26"]
[WhiteClock "0:00:17"]
[BlackClock "0:00:10"]

1. e4 c5 2. Nf3 d6 3. d4 cxd4 4. Nxd4 Nf6 5. Nc3 a6 6. Bc4 e6 7. O-O b5 8. Bb3 Be7 9. Qd3 O-O 10. a3 Qb6 11. Be3 Qb7 12. f4 Bd7 13. e5 Ng4 14. exd6 Bxd6 15. Bd2 Bc5 16. h3 Nc6 17. Ne2 Qb6 18. c3 Nf6 19. Kh1 Nxd4 20. Nxd4 Rad8 21. Be3 Bc6 22. Qe2 Bd5 23. Bc2 Qc7 24. Rfd1 Rfe8 25. Rac1 e5 26. fxe5 Qxe5 27. Re1 Bxd4 28. cxd4 Qe6 29. Qf2 Qxh3+ 30. Kg1 Qh5 31. Bf4 h6 32. Qg3 Ne4 33. Bxe4 Rxe4 34. Be5 g5 35. Rxe4 Bxe4 36. Qf2 f5 37. Rc7 f4 38. Rg7+ Kf8 39. Qd2 Qe8 40. Qb4+ 1-0


[Site "https://www.chess.com"]

[Event "Titled Tuesday Blitz April 26 Early 2022"]
[White "Ozdemir, Serhan Berat"]
[Black "Costachi, Mihnea"]
[WhiteFideId "6374611"]
[BlackFideId "1217518"]
[WhiteElo "1920"]
[BlackElo "2476"]
[Result "0-1"]
[Round "01"]
[TimeControl "180+1"]
[Date "2022.04.26"]
[WhiteClock "0:00:07"]
[BlackClock "0:01:53"]

1. e4 e5 2. Nf3 Nc6 3. d4 exd4 4. Bc4 Bc5 5. c3 Nf6 6. e5 d5 7. Bb5 Ne4 8. cxd4 Bb6 9. h3 O-O 10. O-O f6 11. Nc3 fxe5 12. Bxc6 bxc6 13. Nxe5 Nxc3 14. bxc3 c5 15. Be3 cxd4 16. cxd4 Bf5 17. a4 a5 18. Rc1 Rc8 19. f4 Be4 20. g4 Qe7 21. f5 c5 22. Rb1 Bxb1 23. Qxb1 cxd4 24. Qxb6 dxe3 25. Qxe3 Rfe8 26. Re1 Qc5 27. Qxc5 Rxc5 28. Kf2 d4 29. Nd3 Rxe1 30. Nxc5 Re3 31. h4 Ra3 32. g5 Kf7 33. Ke2 h6 34. Ne6 Rxa4 35. Nd8+ Ke7 36. Nc6+ Kd6 37. Nd8 hxg5 38. hxg5 Ke5 39. f6 gxf6 40. g6 d3+ 41. Kf3 d2 42. Ke2 d1=Q+ 43. Kxd1 Rd4+ 0-1


[Site "https://www.chess.com"]

[Event "Titled Tuesday Blitz April 26 Early 2022"]
[White "Paravyan, David"]
[Black "Dixit, Nikhil"]
[WhiteFideId "4194985"]
[BlackFideId "5059534"]
[WhiteElo "2569"]
[BlackElo "2223"]
[Result "1/2-1/2"]
[Round "01"]
[TimeControl "180+1"]
[Date "2022.04.26"]
[WhiteClock "0:00:02"]
[BlackClock "0:00:12"]

1. e4 Nc6 2. Nf3 d6 3. d4 Nf6 4. Nc3 g6 5. Bg5 Bg7 6. Qd2 O-O 7. O-O-O Bg4 8. Be2 Bxf3 9. Bxf3 Nd7 10. Bh6 Bxd4 11. Bxf8 Nxf8 12. h4 Bg7 13. h5 b5 14. e5 b4 15. Ne2 Nxe5 16. Bxa8 Qxa8 17. Qd5 c6 18. Qb3 c5 19. h6 Bf6 20. Nf4 Bg5 21. Qg3 Ne6 22. Rh4 Qe4 23. Kb1 Bxh4 24. Qxh4 Qxf4 25. Qxe7 Qxh6 26. b3 Nd4 27. Qxd6 Nec6 28. Re1 Qd2 29. Re8+ Kg7 30. Qf8+ Kf6 31. Qd6+ Kg5 32. Qg3+ Kh6 33. Qd3 Qxd3 34. cxd3 Kg7 35. Rd8 h5 36. Rd5 f6 37. Rxc5 g5 38. Kc1 Kg6 39. Kd2 h4 40. Ke3 f5 41. Rd5 g4 42. Rd6+ Kg5 43. Rd7 Kf6 44. Rh7 Kg5 45. Rg7+ Kh6 46. Rg8 h3 47. gxh3 gxh3 48. Rh8+ Kg5 49. Rxh3 Kf6 50. Rh7 Ke5 51. f4+ Kd5 52. Rd7+ Kc5 53. Rf7 Nc2+ 54. Kd2 N2d4 55. Ke3 a5 56. Rf8 Nc2+ 57. Kd2 N2d4 58. Ke3 Kb5 59. Rf7 a4 60. bxa4+ Kxa4 61. Rd7 Nc2+ 62. Kd2 N2d4 63. Kc1 b3 64. Kb2 bxa2 65. Kxa2 Kb4 66. Rd5 Kc3 67. Ka3 Kxd3 68. Ka4 Ke4 69. Rc5 Ke3 70. Rd5 Kf3 71. Rc5 Ke4 72. Ka3 Nd8 73. Re5+ Kxf4 74. Rd5 N8e6 75. Rxf5+ Kxf5 1/2-1/2


[Site "https://www.chess.com"]

[Event "Titled Tuesday Blitz April 26 Early 2022"]
[White "Petrova, Irina"]
[Black "Tasev, Dejan"]
[WhiteFideId "14124122"]
[BlackFideId "936618"]
[WhiteElo "1993"]
[BlackElo "2253"]
[Result "0-1"]
[Round "01"]
[TimeControl "180+1"]
[Date "2022.04.26"]
[WhiteClock "0:00:12"]
[BlackClock "0:00:56"]

1. e4 c6 2. d4 d5 3. e5 Bf5 4. h4 h6 5. Nc3 e6 6. g4 Bh7 7. Bd3 Bxd3 8. Qxd3 h5 9. g5 g6 10. Nf3 Ne7 11. Be3 Nf5 12. Ne2 Nd7 13. Ng3 Be7 14. Nxf5 exf5 15. O-O Nf8 16. c4 Ne6 17. b3 Qd7 18. c5 O-O 19. Ne1 b6 20. b4 a5 21. cxb6 axb4 22. Nc2 Rfb8 23. a3 bxa3 24. Nxa3 Rxb6 25. Nc2 Rab8 26. Ra5 Rb3 27. Qd2 Rb2 28. Qd1 f4 29. Bc1 R2b3 30. Ne1 Ng7 31. Bxf4 Nf5 32. Bg3 Nxg3 33. fxg3 Rxg3+ 34. Ng2 Rb2 35. Rf2 Rxf2 36. Kxf2 Qh3 37. Qg1 Rf3+ 38. Ke2 Qg4 39. Ke1 Rg3 40. Ra2 Bb4+ 41. Kf1 Rf3+ 42. Rf2 Rd3 43. Ne1 Qxg1+ 44. Kxg1 Bxe1 45. Rc2 Bxh4 46. Rxc6 Rxd4 0-1


[Site "https://www.chess.com"]

[Event "Titled Tuesday Blitz April 26 Early 2022"]
[White "Petrovskyi, Vadym"]
[Black "Federzoni, Enzo"]
[WhiteFideId "14165210"]
[BlackFideId "2173301"]
[WhiteElo "2400"]
[BlackElo "1956"]
[Result "1-0"]
[Round "01"]
[TimeControl "180+1"]
[Date "2022.04.26"]
[WhiteClock "0:02:44"]
[BlackClock "0:01:53"]

1. e4 c5 2. Nf3 d6 3. d4 cxd4 4. Nxd4 Nf6 5. Nc3 e6 6. Be2 a6 7. O-O Be7 8. f4 O-O 9. a4 Nc6 10. Be3 Qc7 11. Nb3 Na5 12. Nxa5 Qxa5 13. Qe1 Qc7 14. Qg3 b6 15. Bd3 g6 16. Rae1 Bb7 17. f5 d5 18. Qxc7 1-0


[Site "https://www.chess.com"]

[Event "Titled Tuesday Blitz April 26 Early 2022"]
[White "Piliczewski, Bogusz"]
[Black "Omelja, Artem"]
[WhiteFideId "1104144"]
[BlackFideId "14119846"]
[WhiteElo "1896"]
[BlackElo "2382"]
[Result "0-1"]
[Round "01"]
[TimeControl "180+1"]
[Date "2022.04.26"]
[WhiteClock "0:00:01"]
[BlackClock "0:00:07"]

1. d4 d5 2. Nf3 Nf6 3. c4 c6 4. e3 e6 5. Bd3 Nbd7 6. O-O Bd6 7. Nbd2 O-O 8. Qe2 Qe7 9. e4 dxe4 10. Nxe4 Nxe4 11. Qxe4 Nf6 12. Qh4 Rd8 13. Bg5 h6 14. Bxh6 gxh6 15. Qxh6 c5 16. Ng5 Bxh2+ 17. Kh1 Rxd4 18. Bh7+ Kh8 19. Bg6+ Kg8 20. Bxf7+ Qxf7 21. Nxf7 Kxf7 22. Qxh2 Bd7 23. Rad1 Rg4 24. Qe5 Rh8+ 25. Kg1 Bc6 26. f3 Rxc4 27. Rfe1 Re8 28. Rd6 Bd5 29. Re2 Rc1+ 30. Kf2 Rc4 31. b3 Rh4 32. Qg3 Rh7 33. Qf4 Rg7 34. Rd7+ Kg6 35. Rxg7+ Kxg7 36. Qg5+ Kf7 37. g4 Rf8 38. Kg3 Rg8 39. Qe5 Rc8 40. g5 Nd7 41. Qf4+ Ke7 42. g6 Rf8 43. Qg5+ Nf6 44. g7 Rg8 45. Rg2 Kf7 46. Kf2 Ne8 47. Qg6+ Ke7 48. Qg5+ Kf7 49. Qf4+ Ke7 50. Qh4+ Kf7 51. Qh5+ Ke7 52. Qh7 Kf7 53. Rg4 Nf6 54. Rg5 Nxh7 55. Rg1 Nf6 56. a4 Rxg7 57. Re1 Rh7 58. Re3 Rh2+ 59. Kg1 Rb2 60. Rd3 Rxb3 61. Rxb3 Bxb3 62. a5 c4 63. Kf2 c3 64. Ke1 c2 65. Kd2 Nd5 66. f4 Nxf4 0-1


[Site "https://www.chess.com"]

[Event "Titled Tuesday Blitz April 26 Early 2022"]
[White "Polster, Christian"]
[Black "Jaferian, Koosha"]
[WhiteFideId "12965081"]
[BlackFideId "12507440"]
[WhiteElo "2317"]
[BlackElo "2030"]
[Result "1/2-1/2"]
[Round "01"]
[TimeControl "180+1"]
[Date "2022.04.26"]
[WhiteClock "0:00:08"]
[BlackClock "0:00:11"]

1. e4 c6 2. Nc3 d5 3. Nf3 Bg4 4. h3 Bxf3 5. Qxf3 e6 6. d4 Nf6 7. Bd3 dxe4 8. Nxe4 Qxd4 9. O-O Be7 10. Be3 Qe5 11. Bf4 Qa5 12. Nd6+ Bxd6 13. Bxd6 Nbd7 14. Qg3 Nh5 15. Qg4 Qd5 16. Ba3 O-O-O 17. Rfd1 Ndf6 18. Qa4 Kb8 19. c4 Qg5 20. Bf1 Ne4 21. b4 Nf4 22. Qb3 Qf5 23. Qe3 Ka8 24. Rd4 Rxd4 25. Qxd4 Qg6 26. Rd1 Rb8 27. Kh2 Qf5 28. b5 cxb5 29. cxb5 Nd5 30. f3 Qf4+ 31. Kh1 Ng3+ 32. Kg1 Qxd4+ 33. Rxd4 Nf5 34. Rd1 Nfe3 35. Rc1 Rd8 36. Bd3 h6 37. Kf2 Nf5 38. Bxf5 exf5 39. Rd1 Kb8 40. Bb2 g6 41. Rd4 Kc8 42. g3 Nb6 43. g4 Rxd4 44. Bxd4 fxg4 45. fxg4 Kd7 46. Ke3 Nd5+ 47. Ke4 Nc7 48. a4 a6 49. b6 Ne6 50. Be3 Kc6 51. Ke5 h5 52. Kf6 hxg4 53. hxg4 Nc5 54. Kxf7 Kxb6 55. Kxg6 Kc6 56. Bxc5 Kxc5 57. Kf5 b5 58. axb5 axb5 59. g5 b4 60. g6 b3 61. g7 b2 62. g8=Q b1=Q+ 63. Kf6 Qb2+ 64. Kf7 Qf2+ 65. Ke7 Qe2+ 66. Kf8 Qf3+ 67. Qf7 Qa8+ 68. Qe8 Qxe8+ 69. Kxe8 1/2-1/2


[Site "https://www.chess.com"]

[Event "Titled Tuesday Blitz April 26 Early 2022"]
[White "Popadic, Dragan"]
[Black "Ning, Kaiyu"]
[WhiteFideId "913650"]
[BlackFideId "8614750"]
[WhiteElo "2203"]
[BlackElo "2013"]
[Result "1-0"]
[Round "01"]
[TimeControl "180+1"]
[Date "2022.04.26"]
[WhiteClock "0:01:11"]
[BlackClock "0:00:17"]

1. e4 c5 2. Nc3 d6 3. f4 Nc6 4. Nf3 g6 5. Bc4 Bg7 6. d3 e6 7. O-O Nge7 8. Qe1 O-O 9. f5 gxf5 10. Qh4 f6 11. Bh6 Ng6 12. Qh5 fxe4 13. dxe4 Qe7 14. Rad1 a6 15. Bxg7 Kxg7 16. a4 Bd7 17. Rf2 Rf7 18. Rfd2 Nce5 19. Nxe5 Nxe5 20. Be2 Nc6 21. Rxd6 Nd4 22. Qxc5 e5 23. Bh5 Rc8 24. Qd5 Rff8 25. Rxd7 1-0


[Site "https://www.chess.com"]

[Event "Titled Tuesday Blitz April 26 Early 2022"]
[White "Prieto Aranguren, Alain"]
[Black "Karavade, Eesha"]
[WhiteFideId "2268906"]
[BlackFideId "5012600"]
[WhiteElo "2235"]
[BlackElo "2258"]
[Result "0-1"]
[Round "01"]
[TimeControl "180+1"]
[Date "2022.04.26"]
[WhiteClock "0:00:45"]
[BlackClock "0:01:14"]

1. d4 Nf6 2. Bg5 d5 3. Nd2 e6 4. e3 c5 5. c3 Nc6 6. Bd3 Be7 7. Ngf3 h6 8. Bh4 cxd4 9. exd4 Nh5 10. Bxe7 Qxe7 11. g3 O-O 12. O-O f5 13. Re1 f4 14. Ne5 fxg3 15. fxg3 Qg5 16. Ndf3 Qf6 17. Qe2 Ne7 18. Rf1 Nf5 19. g4 Nf4 20. Qd2 Nd6 21. Bc2 Ne4 22. Bxe4 dxe4 23. Qe3 exf3 24. Rxf3 b6 25. Raf1 g5 26. Qe4 Rb8 27. c4 Bb7 28. d5 exd5 29. cxd5 Rbe8 30. Rxf4 gxf4 31. Rxf4 Qxf4 32. Qg6+ Kh8 0-1


[Site "https://www.chess.com"]

[Event "Titled Tuesday Blitz April 26 Early 2022"]
[White "Prohorov, Olexandr"]
[Black "Pap, Gyula"]
[WhiteFideId "14105578"]
[BlackFideId "725323"]
[WhiteElo "1993"]
[BlackElo "2553"]
[Result "0-1"]
[Round "01"]
[TimeControl "180+1"]
[Date "2022.04.26"]
[WhiteClock "0:01:03"]
[BlackClock "0:01:42"]

1. e4 c6 2. d4 d5 3. e5 Bf5 4. Nf3 e6 5. Be2 Nd7 6. O-O Bg6 7. Be3 Nh6 8. Ne1 Nf5 9. Nd3 Be7 10. a4 O-O 11. a5 Rc8 12. g4 Nxe3 13. fxe3 f6 14. exf6 Bxf6 15. Nf4 Bg5 16. Bd3 Bxd3 17. Qxd3 e5 18. Ne6 Rxf1+ 19. Qxf1 Bxe3+ 20. Kh1 Qe7 21. Qf3 Qxe6 22. Qxe3 Qxg4 23. dxe5 Qd1+ 24. Kg2 Rf8 25. e6 Qf1+ 26. Kg3 Nf6 27. e7 Ne4+ 28. Kg4 Qf5+ 29. Kh4 g5+ 30. Kh5 Nf6+ 31. Kh6 Qg6# 0-1


[Site "https://www.chess.com"]

[Event "Titled Tuesday Blitz April 26 Early 2022"]
[White "Przybylski, Wojciech"]
[Black "Danilenko, Dmitriy"]
[WhiteFideId "1117599"]
[BlackFideId "14120844"]
[WhiteElo "2133"]
[BlackElo "2606"]
[Result "0-1"]
[Round "01"]
[TimeControl "180+1"]
[Date "2022.04.26"]
[WhiteClock "0:00:06"]
[BlackClock "0:00:20"]

1. e4 Nf6 2. Nc3 d5 3. exd5 Nxd5 4. Bc4 Nb6 5. Bb3 Nc6 6. d3 Bf5 7. Nge2 e6 8. O-O Be7 9. Ng3 Bg6 10. Be3 O-O 11. a4 Nd5 12. Nxd5 exd5 13. d4 Na5 14. Ba2 Nc4 15. Bxc4 dxc4 16. Ne2 c6 17. Nf4 Be4 18. Qe2 b5 19. axb5 cxb5 20. d5 Re8 21. Rfd1 Bf6 22. c3 a5 23. Qg4 g6 24. Bd4 Bf5 25. Qf3 Bxd4 26. Rxd4 Qd6 27. h3 Re5 28. g3 a4 29. g4 Bd7 30. Ng2 Rae8 31. Ne3 h5 32. Rf4 R8e7 33. Rf6 Qc5 34. d6 hxg4 35. hxg4 Rxe3 36. fxe3 Rxe3 37. Qf2 Bxg4 38. d7 Rg3+ 39. Kh2 Rh3+ 40. Kg1 Qd5 41. Qg2 Qxd7 42. Raf1 Be6 43. R6f3 Rh5 44. R3f2 Bd5 45. Rd2 Bxg2 46. Rxd7 Bxf1 47. Rd8+ Kg7 48. Kxf1 Rh2 49. Rd5 Rxb2 50. Ke1 a3 51. Kd1 a2 52. Kc1 a1=Q# 0-1


[Site "https://www.chess.com"]